 Dungeon Crawl Stone Soup version 0.27.1-35-g4d5d836560 (console) character file.

Game seed: 6913743018724906679

67 grimtooth the Stinger (level 4, -2/30 HPs)
             Began as a Formicid Venom Mage on Nov 28, 2022.
             Slain by a gnoll (13 damage)
             ... on level 3 of the Dungeon.
             The game lasted 00:11:44 (2297 turns).

grimtooth the Stinger (Formicid Venom Mage)         Turns: 2297, Time: 00:11:44

Health: -2/30      AC:  3    Str: 12    XL:     4   Next: 40%
Magic:  0/7        EV: 11    Int: 16    God:
Gold:   68         SH:  0    Dex: 11    Spells: 4/7 levels left

rFire    . . .     SeeInvis +   a - +0 hunting sling
rCold    . . .     Faith    .   (no shield)
rNeg     . . .     Spirit   .   e - +0 leather armour
rPois    .         Reflect  .   (helmet unavailable)
rElec    .         Harm     .   (no cloak)
rCorr    .         Rampage  .   (no gloves)
Will     .....                  (no boots)
Stlth    ++........             (no amulet)
HPRegen  0.10/turn              (no ring)
MPRegen  0.10/turn              (no ring)

@: very slightly contaminated
A: permanent stasis, dig shafts and tunnels, antennae 3, four strong arms
a: Dig, Shaft Self


You were on level 3 of the Dungeon.
You visited 1 branch of the dungeon, and saw 3 of its levels.

You collected 68 gold pieces.

Inventory:

Hand Weapons
 a - a +0 hunting sling (weapon)
 b - a +0 short sword
Missiles
 c - 38 stones (quivered ammo)
Armour
 e - a +0 leather armour (worn)
 j - a +0 robe
Scrolls
 d - a scroll of enchant weapon {unknown}
 g - a scroll of identify {unknown}
 i - a scroll of immolation {unknown}
 k - a scroll of noise {unknown}
 l - a scroll of teleportation {unknown}
Potions
 f - a potion of degeneration {unknown}
 h - 2 potions of brilliance {unknown}


   Skills:
 - Level 1.7 Dodging
 - Level 2.4 Stealth
 + Level 2.3 Spellcasting
 - Level 3.0 Transmutations
 + Level 5.4 Poison Magic


You had 4 spell levels left.
You knew the following spells:

 Your Spells              Type           Power      Damage    Failure   Level
a - Sting                 Tmut/Pois      60%        1d6       4%          1
b - Poisonous Vapours     Pois/Air       20%        N/A       13%         2

Your spell library contained the following spells:

 Spells                   Type           Power      Damage    Failure   Level
 Beastly Appendage        Tmut           22%        N/A       8%          1
 Wereblood                Tmut           11%        N/A       12%         2
 Spider Form              Tmut/Pois      7%         N/A       14%         3
 Animate Skeleton         Necr           2%         N/A       26%         1
 Apportation              Tloc           2%         N/A       26%         1
 Corona                   Hex            1%         N/A       26%         1
 Summon Small Mammal      Summ           4%         N/A       26%         1
 Olgreb's Toxic Radiance  Pois           19%        N/A       28%         4
 Corpse Rot               Necr/Air       N/A        N/A       36%         2
 Mephitic Cloud           Conj/Pois/Air  7%         N/A       36%         3
 Dispel Undead            Necr           1%         3d6       95%         4
 Death Channel            Necr           0%         N/A       100%        6


Dungeon Overview and Level Annotations

Branches:
Dungeon (3/15)

Altars:

Shops:
D:2 ((=

Portals:
Sewer: D:3


Innate Abilities, Weirdness & Mutations

You cannot be hasted, slowed, berserked, paralysed or teleported.
You can dig through walls and to a lower floor.
You have a pair of large antennae on your head. (SInv)
Your four strong arms can wield two-handed weapons with a shield.


Message History

The gnoll looks more healthy.
Press: ? - help, v - describe, . - travel
Here: a gnoll, wielding a +0 halberd and wearing a +0 ring mail (moderately wounded)
The floor.
Casting: Poisonous Vapours (safe; 13% risk of failure)
Confirm with . or Enter, or press ? or * to list all spells.
Aiming: Poisonous Vapours (safe; 13% risk of failure)
Press: ? - help, Dir - move target, f/p - gnoll
Aim: a gnoll, wielding a +0 halberd and wearing a +0 ring mail (moderately wounded) Poisonous vapours surround the gnoll!
The gnoll is poisoned.
Casting: Poisonous Vapours (safe; 13% risk of failure)
Confirm with . or Enter, or press ? or * to list all spells.
You don't have enough magic to cast this spell.
Casting: Poisonous Vapours (safe; 13% risk of failure)
Confirm with . or Enter, or press ? or * to list all spells.
You don't have enough magic to cast this spell.
Casting: Poisonous Vapours (safe; 13% risk of failure)
Confirm with . or Enter, or press ? or * to list all spells.
You don't have enough magic to cast this spell.
Fire: 39 stones
Press: ? - help, Q - select action, (/) - cycle Shift-Dir - straight line, f/p - gnoll
Aim: a gnoll, wielding a +0 halberd and wearing a +0 ring mail (heavily wounded, poisoned, 62% to hit)
You shoot a stone. The stone barely misses the gnoll.
The gnoll looks more healthy.
There is a stone staircase leading up here.
Casting: Poisonous Vapours (safe; 13% risk of failure)
Confirm with . or Enter, or press ? or * to list all spells.
Aiming: Sting (safe; 4% risk of failure)
Press: ? - help, Shift-Dir - straight line, f/p - gnoll
Aim: a gnoll, wielding a +0 halberd and wearing a +0 ring mail (severely wounded, 81% to hit)
You miscast Sting.
You are very lightly contaminated with residual magic.
Nothing appears to happen.
The gnoll hits you from afar with a +0 halberd!
You see here 22 arrows.
A gnoll comes into view. It is wielding a +0 halberd.
The gnoll hits you with a +0 halberd!
You see here 22 arrows.
The gnoll hits you with a +0 halberd!
You die...

#.. #.# ##.## #.#
#...# #.# ###...##
#.# ###.>..... #.#
#......... #.#
#.#....... #.#
#.###...##
#.#######.###...#
#@g.<....(...g.###
#(######.g####...g
#.# #..# #{{..#
#.....{gg.....#{.#
########..##.###.#
#..##..#... #.....
.... #.### #.. #..


You could see a gnoll.

Vanquished Creatures
  2 adders (D:2)
  2 worms (D:3)
  A dart slug (D:1)
  3 ball pythons
  2 endoplasms (D:1)
  A giant cockroach (D:1)
  5 hobgoblins
  A jackal (D:3)
  2 kobolds (D:1)
  6 quokkas
  3 bats
  2 frilled lizards
  3 goblins (D:1)
  6 rats
39 creatures vanquished.

Notes
Turn   | Place    | Note
-------+----------+-------------------------------------------
     0 | D:1      | grimtooth the Formicid Venom Mage began the quest for the
                  | Orb.
     0 | D:1      | Reached XP level 1. HP: 13/13 MP: 3/3
   215 | D:1      | Reached XP level 2. HP: 19/19 MP: 3/5
   569 | D:1      | Reached XP level 3. HP: 24/24 MP: 2/6
   929 | D:2      | Reached skill level 5 in Poison Magic
   981 | D:2      | Learned a level 2 spell: Poisonous Vapours
  1335 | D:2      | Reached XP level 4. HP: 30/30 MP: 5/7
  1470 | D:2      | Found Jekory's Antique Weapon Shop.
  1712 | D:2      | Found Ekoteocs's Jewellery Boutique.
  1723 | D:2      | Found Xival's Antique Weapon Boutique.
  2238 | D:3      | Found a glowing drain.
  2297 | D:3      | Slain by a gnoll

Illustrated notes

Levels and vault maps discovered:
D:1:      onia_arrival_mini_spirals, layout_rooms
D:2:      layout_basic, serial_shops, nicolae_shop_trees, nicolae_square_shop,
          nicolae_lakefront_shop, minmay_misc_feat_columns
D:3:      layout_loops_ring, shapermc_ecumenical_altar_mp_vishouse,
          cheibrodos_sewer_entry_drain

Skill      XL: |  1  2  3  4 |
---------------+-------------+-----
Transmutations | 2 3 |  3.0
Poison Magic   | 5 |  5.4
Dodging        | |  1.7
Stealth        | |  2.4
Spellcasting   | |  2.3

Action                   |  1- 3 |  4- 6 || total
-------------------------+-------+-------++-------
Melee: Short sword       |     1 |       ||     1
 Fire: Hunting sling     |     3 |    25 ||    28
Throw: Stone             |     4 |       ||     4
 Cast: Sting             |    51 |    15 ||    66
       Poisonous Vapours |       |     2 ||     2
 Abil: Dig               |     1 |       ||     1
Armor: Robe              |     1 |       ||     1
Dodge: Dodged            |    16 |     4 ||    20
